 Dungeon Crawl Stone Soup version 0.28-a0-1206-g193881aaa2 (webtiles) character file.

Game seed: 11648490728286898566

1169 Armakuni the Conjurer (level 8, -1/52 HPs)
             Began as a Human Conjurer on Dec 20, 2021.
             Slain by Duvessa (10 damage)
             ... on level 6 of the Dungeon.
             The game lasted 00:14:34 (6735 turns).

Armakuni the Conjurer (Human Conjurer)              Turns: 6735, Time: 00:14:35

Health: -1/52      AC:  3    Str:  9    XL:     8   Next: 68%
Magic:  5/17       EV: 12    Int: 19    God:
Gold:   257        SH:  0    Dex: 12    Spells: 10/19 levels left

rFire   . . .      SeeInvis .   b - +2 dagger (venom)
rCold   . . .      Faith    .   (no shield)
rNeg    . . .      Spirit   .   h - +0 robe
rPois   .          Reflect  .   i - +0 helmet
rElec   .          Harm     .   (no cloak)
rCorr   .          Rampage  .   (no gloves)
Will    +....      Rnd*Tele +   (no boots)
Stlth   ++........              (no amulet)
HPRegen 0.17/turn               W - ring of willpower
MPRegen 0.15/turn               (no ring)

@: mighty, very slightly contaminated
A: teleportitis 1
a: no special abilities


You were on level 6 of the Dungeon.
You visited 2 branches of the dungeon, and saw 7 of its levels.

You collected 280 gold pieces.
You spent 23 gold pieces at shops.

Inventory:

Hand Weapons
 a - a +6 whip
 b - a +2 dagger of venom (weapon)
Armour
 e - a +0 leather armour
 h - a +0 robe (worn)
 i - a +0 helmet (worn)
 n - a +0 buckler
 t - a +0 ring mail
Jewellery
 r - a ring of resist corrosion
 W - a ring of willpower (left hand)
Wands
 j - a wand of iceblast (1)
Scrolls
 d - a scroll of vulnerability
 o - a scroll of fear
 s - a scroll of torment {unknown}
 u - a scroll of fog {unknown}
Potions
 c - a potion of flight
 f - 2 potions of curing
 g - 2 potions of attraction
 l - a potion of might


   Skills:
 - Level 2.0 Dodging
 - Level 2.0 Stealth
 + Level 3.5 Shields
 + Level 6.0 Spellcasting
 + Level 7.5 Conjurations


You had 10 spell levels left.
You knew the following spells:

 Your Spells              Type           Power      Damage    Failure   Level
a - Magic Dart            Conj           100%       1d8       1%          1
m - Iskenderun's Mystic   Conj/Tloc      20%        2d6       24%         4
w - Wereblood             Tmut           5%         N/A       17%         2
z - Searing Ray           Conj           68%        2d6       1%          2

Your spell library contained the following spells:

 Spells                   Type           Power      Damage    Failure   Level
 Dazzling Flash           Conj/Hex       40%        N/A       7%          3
 Beastly Appendage        Tmut           10%        N/A       11%         1
 Sting                    Tmut/Pois      20%        1d4       11%         1
 Fulminant Prism          Conj/Hex       10%        3d9       24%         4
 Inner Flame              Hex/Fire       5%         N/A       32%         3
 Spider Form              Tmut/Pois      5%         N/A       32%         3
 Cause Fear               Hex            2%         N/A       73%         4
 Summon Forest            Summ/Tloc      2%         N/A       97%         5
 Summon Mana Viper        Hex/Summ       5%         N/A       97%         5
 Summon Cactus Giant      Summ           2%         N/A       100%        6
 Discord                  Hex            2%         N/A       100%        8


Dungeon Overview and Level Annotations

Branches:
Dungeon (6/15)             Temple (1/1) D:5

Altars:
Ashenzari
Cheibriados
Dithmenos
Elyvilon
Fedhas
Gozag
Hepliaklqana
Kikubaaqudgha
Makhleb
Nemelex Xobeh
Okawaru
Qazlal
Ru
Sif Muna
Trog
Uskayaw
Vehumet
Wu Jian
Xom
Yredelemnul
Zin

Shops:
D:4 *

Annotations:
D:6 Duvessa


Innate Abilities, Weirdness & Mutations

You are occasionally teleported next to monsters.


Message History

As you read the scroll of identify, it crumbles to dust.
g - 2 potions of attraction Duvessa barely misses you.
It was a potion of mutation.
You feel extremely strange.
You feel weirdly uncertain. Duvessa hits you but does no damage.
It was a potion of might.
You feel very mighty all of a sudden.
Duvessa hits you with a +0 short sword! x2
Okay, then.
Unknown command.
It was a potion of magic.
Magic courses through your body. Duvessa closely misses you.
Casting: Iskenderun's Mystic Blast (quite dangerous; 24% risk of failure)
Confirm with . or Enter, or press ? or * to list all spells.
The spell is quite dangerous to miscast (24% risk of failure)!
Continue anyway?
You erupt in a blast of force!
The mystic blast hits Duvessa.
Duvessa is moderately wounded.
Duvessa is knocked back by the mystic blast.
Aiming: Iceblast
Press: ? - help, Shift-Dir - straight line, f/p - Duvessa
Aim: Duvessa, wielding a +0 short sword and wearing a +1 chain mail of poison resistance (moderately wounded, berserk)
The mass of ice explodes!
The iceblast engulfs Duvessa!
Duvessa is heavily wounded.
Your magical contamination has completely faded away.
Casting: Iskenderun's Mystic Blast (quite dangerous; 24% risk of failure)
Confirm with . or Enter, or press ? or * to list all spells.
The spell is quite dangerous to miscast (24% risk of failure)!
Continue anyway?
You erupt in a blast of force!
The mystic blast hits Duvessa but does no damage.
Duvessa is heavily wounded.
Duvessa hits you with a +0 short sword!
* * * LOW HITPOINT WARNING * * *
Casting: Iskenderun's Mystic Blast (quite dangerous; 24% risk of failure)
Confirm with . or Enter, or press ? or * to list all spells.
The spell is quite dangerous to miscast (24% risk of failure)!
Continue anyway?
You miscast Iskenderun's Mystic Blast.
You are very lightly contaminated with residual magic.
Nothing appears to happen.
Duvessa hits you with a +0 short sword!
You die...

..##.._..........##...###
..##.....##..#..###..##.###
.........##..#...###......#
#....♣♣.....#....###....###
#..))♣♣.....#....##...)######
.#.........#.##........))<..#
..##..)..##..............(..#
....##)##.##.........#......#
)..###.##.##....@e...#.....##
.#..##.............####..###
...........(.##..##..#....#
##..#.##.....#...#.#......#
....#....#...........##..##
........##..#........#####
........###.####....##
...#..### ### ##.### ......#
#.#


You could see Duvessa (berserk).

Vanquished Creatures
  Eustachio (D:3)
  A water moccasin (D:5)
  An ogre (D:5)
  A necrophage (D:5)
  Blork the orc (D:6)
  A kobold brigand (D:5)
  Dowan (D:6)
  A howler monkey (D:5)
  2 hounds
  A bullfrog skeleton (D:6)
  An orc priest (D:5)
  Jessica (D:2)
  Ijyb (D:4)
  2 iguanas
  A scorpion zombie (D:5)
  4 orc wizards
  Robin (D:4)
  2 adders
  A howler monkey skeleton (D:6)
  A shadow imp (D:6)
  An ufetubus (D:6)
  An adder skeleton (D:4)
  A worm (D:2)
  6 dart slugs
  17 orcs
  6 endoplasms
  4 giant cockroaches
  14 goblins
  11 hobgoblins
  3 jackals (D:5)
  4 quokkas
  4 ball pythons
  5 bats
  2 frilled lizards
  8 kobolds
  2 quokka skeletons (D:4)
  7 rats
122 creatures vanquished.

Vanquished Creatures (others)
  14 plants
14 creatures vanquished.

Grand Total: 136 creatures vanquished

Notes
Turn   | Place    | Note
-------+----------+-------------------------------------------
     0 | D:1      | Armakuni the Human Conjurer began the quest for the Orb.
     0 | D:1      | Reached XP level 1. HP: 13/13 MP: 3/3
   247 | D:1      | Reached XP level 2. HP: 19/19 MP: 1/5
   386 | D:1      | Learned a level 2 spell: Searing Ray
   946 | D:1      | Reached XP level 3. HP: 23/24 MP: 0/6
  1002 | D:1      | Found a faded altar of an unknown god.
  1433 | D:2      | Learned a level 2 spell: Wereblood
  1746 | D:2      | Noticed Jessica
  1755 | D:2      | Killed Jessica
  1756 | D:2      | Reached XP level 4. HP: 19/30 MP: 0/8
  1904 | D:2      | Learned a level 4 spell: Iskenderun's Mystic Blast
  2145 | D:2      | You fall into a shaft and drop 2 floors!
  2146 | D:4      | Found Gamezoac's Assorted Antiques.
  2301 | D:3      | Reached skill level 5 in Conjurations
  2928 | D:3      | Found a shimmering blue altar of Sif Muna.
  2937 | D:3      | Reached XP level 5. HP: 24/35 MP: 6/10
  3197 | D:3      | Got Sif Muna's Catalogue of Moulding
  3712 | D:4      | Noticed Eustachio
  3730 | D:3      | Killed Eustachio
  3731 | D:3      | Reached XP level 6. HP: 32/41 MP: 1/12
  3867 | D:4      | Noticed Ijyb
  3868 | D:4      | Reached skill level 6 in Conjurations
  4293 | D:4      | Killed Ijyb
  4363 | D:4      | Noticed Robin
  4367 | D:4      | Killed Robin
  4368 | D:4      | Reached XP level 7. HP: 34/46 MP: 9/14
  4596 | D:4      | Bought a scroll labelled NUTOEH OFURO for 23 gold pieces
  4739 | D:4      | Found a shadowy altar of Dithmenos.
  4997 | D:4      | Found a sparkling altar of Nemelex Xobeh.
  5060 | D:5      | Entered Level 5 of the Dungeon
  5105 | D:5      | Reached skill level 1 in Shields
  5105 | D:5      | Reached skill level 5 in Spellcasting
  5388 | D:5      | Found a staircase to the Ecumenical Temple.
  5414 | Temple   | Entered the Ecumenical Temple
  5682 | D:5      | Reached XP level 8. HP: 52/52 MP: 12/16
  6165 | D:5      | Reached skill level 7 in Conjurations
  6319 | D:6      | Found a sacrificial altar of Ru.
  6320 | D:6      | Found a shimmering altar of Xom.
  6544 | D:6      | Found an ornate altar of the Wu Jian Council.
  6564 | D:6      | Noticed Blork the orc
  6575 | D:6      | Killed Blork the orc
  6668 | D:6      | Noticed Dowan
  6705 | D:6      | Killed Dowan
  6718 | D:6      | Noticed Duvessa
  6729 | D:6      | Gained mutation: You are occasionally teleported next to
                  | monsters. [potion of mutation]
  6735 | D:6      | Slain by Duvessa

Illustrated notes

Levels and vault maps discovered:
D:1:      scummos_arrival_forest, layout_loops_cross,
          shapermc_ecumenical_altar_acropolis, st_stairs_13
D:2:      layout_loops_ring, uniq_jessica
D:3:      layout_basic, led_sif_book, serial_bayou, serial_bayou_ford_a,
          serial_bayou_lagoon_a, serial_bayou_pond_b, serial_bayou_shore_b
D:4:      layout_rooms, old_standard_altar, nemelex_spade_bored_becter,
          serial_shops, shop_fountains, uniq_ijyb, uniq_robin, uniq_eustachio
D:5:      layout_loops_ring, minmay_temple_entry_poolview,
          chequers_serial_rivers_large_b
D:6:      layout_cave_pools, nicolae_wu_jian_wuxing_cycle, old_standard_altar,
          grunt_temple_overflow_open, uniq_blork_the_orc, uniq_duvessa
Temple:   regret_index_temple_generic_petals

Skill      XL: |  1  2  3  4  5  6  7  8 |
---------------+-------------------------+-----
Spellcasting   | 3 4 5 6 |  6.0
Conjurations   | 5 6 7 |  7.5
Shields        | 2 3 |  3.5
Dodging        | |  2.0
Stealth        | |  2.0

Action                   |  1- 3 |  4- 6 |  7- 9 || total
-------------------------+-------+-------+-------++-------
Melee: Dagger            |    12 |    11 |    47 ||    70
       Whip              |       |     9 |       ||     9
 Cast: Magic Dart        |    13 |       |       ||    13
       Searing Ray       |    27 |    37 |    27 ||    91
       Iskenderun's Myst |       |       |     4 ||     4
Evoke: Wand              |       |       |     4 ||     4
  Use: Scroll            |       |     4 |     5 ||     9
       Potion            |       |     3 |     4 ||     7
 Stab: Distracted        |       |       |     1 ||     1
Armor: Robe              |     1 |     6 |    11 ||    18
Dodge: Dodged            |     7 |    32 |    45 ||    84

Table legend: (Time is in decaauts)
 A = Elapsed time spent in this place.
 B = Non-inter-level travel time spent in this place.
 C = Inter-level travel time spent in this place.
 D = Time resting spent in this place.
 E = Time spent auto-exploring this place.
 F = Levels seen in this place.
 G = Mean time per level.
                   A        B        C        D        E       F      G
               +--------+--------+--------+--------+--------+-----+--------+
         Total |   6795 |   6630 |    165 |   1645 |   3777 |   7 |  970.7 |
       Dungeon |   6585 |   6441 |    144 |   1645 |   3596 |   6 | 1097.5 |
        Temple |    209 |    188 |     21 |      0 |    181 |   1 |  209.0 |
               +--------+--------+--------+--------+--------+-----+--------+

Top non-repeatable levels by time:
     D:3: 1838 daAuts
     D:2: 1294 daAuts
     D:5: 1191 daAuts
     D:1: 1079 daAuts
     D:4: 882 daAuts
     D:6: 299 daAuts
  Temple: 209 daAuts
